 Dungeon Crawl Stone Soup version 0.31-a0-774-g0d66cbabe8 (webtiles) character file.

Game seed: 4792545956773585323

355 thriggle the Conjurer (level 6, -3/46 HPs)
             Began as a Barachi Conjurer on Sept 17, 2023.
             Was a Believer of Vehumet.
             Slain by a gnoll
             ... wielding a +0 flail
              (4 damage)
             ... on level 4 of the Dungeon.
             The game lasted 00:16:42 (3591 turns).

thriggle the Conjurer (Barachi Conjurer)            Turns: 3591, Time: 00:16:42

Health: -3/46      AC:  4    Str:  8    XL:     6   Next: 63%
Magic:  1/11       EV: 12    Int: 21    God:    Vehumet [**....]
Gold:   158        SH:  0    Dex: 10    Spells: 3/11 levels left

rFire   . . .        g - staff of conjuration
rCold   . . .        (no shield)
rNeg    . . .        t - +0 leather armour
rPois   .            (no helmet)
rElec   .            (no cloak)
rCorr   .            (no gloves)
SInv    .            m - +0 pair of boots
Will    .....        (no amulet)
Stlth   ++           (no ring)
HPRegen 0.27/turn    (no ring)
MPRegen 0.12/turn

%: no passive effects
@: slow
A: amphibious, slowness 1, strong legs 1, +LOS
a: Hop, Renounce Religion


You were on level 4 of the Dungeon.
You worshipped Vehumet.
Vehumet was pleased with you.
You visited 1 branch of the dungeon, and saw 4 of its levels.

You collected 158 gold pieces.

Inventory:

Hand Weapons
 f - a +0 whip
 i - a +1 dagger of protection
 v - a +0 quarterstaff
 w - a +0 scythe of freezing
Missiles
 e - 7 poisoned darts
 h - 38 stones
 p - 2 silver javelins
Armour
 a - a +0 robe
 m - a +0 pair of boots (worn)
 t - a +0 leather armour (worn)
Magical Staves
 g - a staff of conjuration (weapon)
Wands
 r - a wand of polymorph (4)
Scrolls
 c - a scroll of torment
 k - a scroll of immolation
 s - a scroll of amnesia
 u - a scroll of blinking
Potions
 b - a potion of magic
 d - a potion of lignification
 j - 2 potions of enlightenment
 n - a potion of invisibility
 o - a potion of haste {unknown}
 q - a potion of curing {unknown}


   Skills:
 + Level 2.5 Fighting
 + Level 1.1 Staves
 + Level 1.0 Throwing
 + Level 1.2 Armour
 + Level 3.3 Dodging
 + Level 2.8 Stealth
 * Level 3.4 Spellcasting
 + Level 5.1 Conjurations
 + Level 1.2 Fire Magic
 + Level 1.9 Ice Magic
 - Level 0.1 Evocations


You had 3 spell levels left.
You knew the following spells:

 Your Spells              Type           Power      Damage    Failure   Level
a - Magic Dart            Conj           100%       1d8       2%          1
b - Frozen Ramparts       Ice            22%        1d4       24%         3
c - Scorch                Fire           16%        2d5       16%         2
d - Poisonous Vapours     Pois/Air       6%         N/A       26%         2

Your spell library contained the following spells:

 Spells                   Type           Power      Damage    Failure   Level
 Searing Ray              Conj           76%        2d7       3%          2
 Kiss of Death            Conj/Necr      84%        2d11      6%          1
 Freeze                   Ice            44%        1d6       9%          1
 Hailstorm                Conj/Ice       27%        3d7       12%         3
 Sting                    Tmut/Pois      12%        1d3       19%         1
 Dazzling Flash           Conj/Hex       42%        N/A       19%         3
 Confusing Touch          Hex            3%         N/A       47%         3
 Brom's Barrelling Bould  Conj/Erth      21%        2d4       52%         4
 Fulminant Prism          Conj/Hex       10%        3d8       52%         4
 Iskenderun's Mystic Bla  Conj/Tloc      21%        2d6       52%         4
 Iskenderun's Battlesphe  Conj           38%        2d9       52%         5
 Fireball                 Conj/Fire      12%        3d7       78%         5
 Dispel Undead            Necr           3%         3d7       87%         4
 Olgreb's Toxic Radiance  Pois           3%         N/A       87%         4
 Conjure Ball Lightning   Conj/Air       10%        3x3d6     100%        6
 Orb of Destruction       Conj           19%        9d8       100%        7


Dungeon Overview and Level Annotations

Branches:
Dungeon (4/15)             Temple (0/1) D:4

Altars:
Vehumet

Annotations:
D:4 Ijyb, Robin


Innate Abilities, Weirdness & Mutations

You are amphibious.
You cover ground slowly.
You can hop short distances.
You have an extended range of vision and can be seen from far away.


Message History

The puff of frost hits you.
* * * LOW HITPOINT WARNING * * *
Okay, then.
As you read the scroll of fear, it crumbles to dust.
You assume a fearsome visage.
The goblin looks frightened!
The gnoll looks frightened! x2; The white imp looks frightened!
There is a stone staircase leading up, spattered with blood here.
Casting: Magic Dart (safe; 2% risk of failure)
Confirm with . or Enter, or press ? or * to list all spells.
You don't have enough magic to cast this spell.
Casting: Magic Dart (safe; 2% risk of failure)
Confirm with . or Enter, or press ? or * to list all spells.
Aiming: Magic Dart (safe; 2% risk of failure)
Press: ? - help, Shift-Dir - straight line, f - gnoll
Aim: a gnoll, wielding a +0 flail (heavily wounded, fleeing, 100% to hit)
You feel a surge of power!
The magic dart hits the gnoll.
The gnoll is severely wounded.
Your attack snaps the gnoll out of its fear.
The gnoll shouts!
You hear a howl!
Throw: 9 darts (poison)
Press: ? - help, Shift-Dir - straight line, f/p - gnoll
Aim: a gnoll, wielding a +0 flail (severely wounded, 56% to hit)
You throw a poisoned dart. The poisoned dart hits the gnoll.
The gnoll is severely wounded.
Throw: 8 darts (poison)
Press: ? - help, Shift-Dir - straight line, f/p - gnoll
Aim: a gnoll, wielding a +0 flail (severely wounded, 56% to hit)
You throw a poisoned dart. The poisoned dart hits the gnoll.
The gnoll is poisoned.
The gnoll is severely wounded.
You hit the gnoll.
The gnoll is almost dead.
The gnoll barely misses you.
A howler monkey comes into view.
You hit the gnoll but do no damage.
The gnoll is almost dead.
The gnoll hits you with a +0 flail!
* * * LOW HITPOINT WARNING * * *
The gnoll hits you with a +0 flail.
You die...

.........# ..##
.........# ....
.........########
............?...$.....#
.....S..g$............#
..............†.......#
......S5..h)g)........#
...g.... ###†S.......#
.gg..... #.†..g@†....#
..g......##.#.(.......#
.............(........#
.........#...##########
........ #.##
........... ..........
...>....# ........


You could see a howler monkey, 2 gnolls, a goblin (fleeing) and a ball python.

Vanquished Creatures
  Sigmund (D:3)
  A howler monkey (D:3)
  An iguana (D:4)
  6 adders
  2 worms (D:2)
  A dart slug (D:3)
  6 orcs
  5 ball pythons
  6 endoplasms
  4 giant cockroaches
  4 goblins
  6 hobgoblins
  4 jackals (D:4)
  2 quokkas
  8 bats
  4 frilled lizards
  5 kobolds
  3 rats
69 creatures vanquished.

Notes
Turn   | Place    | Note
-------+----------+-------------------------------------------
     0 | D:1      | thriggle the Barachi Conjurer began the quest for the Orb.
     0 | D:1      | Reached XP level 1. HP: 13/13 MP: 3/3
   250 | D:1      | Reached XP level 2. HP: 15/20 MP: 0/5
  1153 | D:2      | Reached skill level 1 in Fighting
  1153 | D:2      | Reached XP level 3. HP: 26/26 MP: 0/6
  1157 | D:2      | Learned a level 3 spell: Frozen Ramparts
  1664 | D:2      | Found a faded altar of an unknown god.
  1677 | D:2      | Prayed at the altar of an unknown god.
  1677 | D:2      | Became a worshipper of Vehumet
  1677 | D:2      | Reached * piety under Vehumet
  1677 | D:2      | Offered knowledge of Sandblast by Vehumet.
  1936 | D:2      | Reached XP level 4. HP: 32/32 MP: 3/8
  2109 | D:2      | Reached ** piety under Vehumet
  2109 | D:2      | Offered knowledge of Scorch by Vehumet.
  2113 | D:2      | Learned a level 2 spell: Scorch
  2306 | D:3      | Noticed Sigmund
  2389 | D:3      | Reached skill level 1 in Ice Magic
  2550 | D:3      | Identified a scroll of acquirement
  2550 | D:3      | Acquired a staff of conjuration
  2803 | D:3      | Reached XP level 5. HP: 38/38 MP: 7/9
  3156 | D:3      | Reached skill level 5 in Conjurations
  3167 | D:3      | Learned a level 2 spell: Poisonous Vapours
  3317 | D:3      | Killed Sigmund
  3318 | D:3      | Reached skill level 1 in Staves
  3318 | D:3      | Reached skill level 1 in Armour
  3318 | D:3      | Reached skill level 1 in Fire Magic
  3318 | D:3      | Reached XP level 6. HP: 36/46 MP: 2/11
  3511 | D:4      | Noticed Ijyb
  3511 | D:4      | Noticed Robin
  3514 | D:4      | Found a radiant altar of Vehumet.
  3515 | D:4      | Found a staircase to the Ecumenical Temple.
  3570 | D:4      | Reached skill level 1 in Throwing
  3591 | D:4      | HP: 1/46 [gnoll/+0 flail (7)]
  3591 | D:4      | Slain by a gnoll

Illustrated notes

Levels and vault maps discovered:
D:1:      dpeg_arrival_rooms_a, layout_basic, amcnicky_mini_pool_small,
          hangedman_decor_riveting, minivault_27, minmay_misc_feat_tiny
D:2:      layout_basic, hellmonk_ecumenical_altar_blasted
D:3:      layout_basic, minmay_between, uniq_sigmund
D:4:      layout_rooms, fiery_altar_vehumet, minmay_temple_entry_gardened_gates,
          gup_sewer_entry_glass, nicolae_goblin_pals

Skill      XL: |  1  2  3  4  5  6 |
---------------+-------------------+-----
Stealth        | 2 |  2.8
Fighting       | 1 2 |  2.5
Ice Magic      | 1 |  1.9
Dodging        | 3 |  3.3
Spellcasting   | 3 |  3.4
Conjurations   | 5 |  5.1
Staves         | 1 |  1.1
Armour         | 1 |  1.2
Fire Magic     | 1 |  1.2
Throwing       | 1 |  1.0
Evocations     | |  0.1

Action                     |  1- 3 |  4- 6 || total
---------------------------+-------+-------++-------
  Melee: Whip              |     3 |       ||     3
         Dagger            |    31 |    27 ||    58
         Staff             |       |     6 ||     6
  Throw: Dart              |       |     2 ||     2
   Cast: Magic Dart        |    55 |    61 ||   116
         Scorch            |       |     8 ||     8
         Frozen Ramparts   |       |     2 ||     2
         Poisonous Vapours |       |     1 ||     1
    Use: Scroll            |     6 |     5 ||    11
         Potion            |     4 |       ||     4
   Stab: Sleeping          |     2 |     1 ||     3
 Armour: Robe              |    13 |    23 ||    36
         Leather armour    |       |    13 ||    13
  Dodge: Dodged            |    19 |    22 ||    41

Table legend: (Time is in decaauts)
 A = Elapsed time spent in this place.
 B = Non-inter-level travel time spent in this place.
 C = Inter-level travel time spent in this place.
 D = Time resting spent in this place.
 E = Time spent auto-exploring this place.
 F = Levels seen in this place.
 G = Mean time per level.
                   A        B        C        D        E       F      G
               +--------+--------+--------+--------+--------+-----+--------+
         Total |   4049 |   3890 |    159 |    464 |   2094 |   4 | 1012.2 |
       Dungeon |   4049 |   3890 |    159 |    464 |   2094 |   4 | 1012.2 |
               +--------+--------+--------+--------+--------+-----+--------+

Top non-repeatable levels by time:
     D:3: 1375 daAuts
     D:1: 1327 daAuts
     D:2: 1307 daAuts
     D:4: 39 daAuts
